 Dungeon Crawl Stone Soup version 0.19.0-2-gae57169 (webtiles) character file.

9240 sleepydude the Fighter (level 11, -1/153 HPs)
             Began as a Minotaur Berserker on Nov 5, 2016.
             Was a High Priest of Trog.
             Slain by Snorg (15 damage)
             ... on level 10 of the Dungeon.
             The game lasted 00:22:30 (8057 turns).

sleepydude the Fighter (Minotaur Berserker)         Turns: 8057, Time: 00:22:31

Health: -1/153     AC: 17    Str: 30    XL:     11   Next: 20%
Magic:  3/3        EV: 12    Int:  4    God:    Trog [*****.]
Gold:   760        SH:  0    Dex: 10    Spells: 0 memorised, 10 levels left

rFire  . . .     SeeInvis .     S - +3 dire flail (antimagic)
rCold  + . .     Gourm    .     F - +0 plate armour
rNeg   + . .     Faith    .     (shield currently unavailable)
rPois  .         Spirit   .     (helmet restricted)
rElec  .         Reflect  .     A - +0 cloak
rCorr  .         Harm     .     (no gloves)
MR     .....                    u - +0 pair of boots
Stlth  ..........               l - amulet of regeneration
                                v - ring of positive energy
                                t - ring of protection from cold

@: berserking, very quick
A: retaliatory headbutt, horns 2
a: Berserk, Trog's Hand, Brothers in Arms, Burn Spellbooks, Renounce Religion


You were on level 10 of the Dungeon.
You worshipped Trog.
Trog was extremely pleased with you.
You were not hungry.

You visited 1 branch of the dungeon, and saw 10 of its levels.
You also visited: Sewer.

You collected 760 gold pieces.

Inventory:

Hand Weapons
 y - a +2 vampiric whip
 I - a +2 whip of electrocution
 S - a +3 antimagic dire flail (weapon)
 T - a +2 flail of protection
Armour
 u - a +0 pair of boots (worn)
 A - a +0 cloak (worn)
 F - a +0 plate armour (worn)
Jewellery
 j - an uncursed ring of flight
 l - an amulet of regeneration (around neck)
 t - a ring of protection from cold (left hand)
 v - a ring of positive energy (right hand)
Wands
 p - a wand of teleportation (9/9)
 q - a wand of iceblast (6/15)
 K - a wand of digging (8/24)
 P - a wand of flame (29/48)
 R - a wand of paralysis (18/24)
Scrolls
 e - 6 scrolls of identify {@r1}
 k - a scroll of blinking
 m - 7 scrolls of remove curse {@r2}
 r - 3 scrolls of recharging
 s - 3 scrolls of teleportation
 x - 2 scrolls of fear
 z - 2 scrolls of fog
 H - a scroll of enchant armour {unknown}
 N - a scroll of magic mapping
Potions
 d - 3 potions of berserk rage
 g - a potion of mutation {unknown}
 h - 2 potions of ambrosia {unknown}
 i - 3 potions of magic {unknown}
 o - a potion of degeneration {unknown}
 w - 4 potions of brilliance {unknown}
 B - 4 potions of heal wounds {unknown}
 C - 3 potions of curing {unknown}
 D - 2 potions of haste
 E - a potion of flight {unknown}
 G - a potion of resistance {unknown}
 L - a potion of might {unknown}
 M - a potion of cancellation {unknown}
Books
 O - a book of Enchantments

   Spells                             Type                      Level
   a - Cause Fear                     Hexes                        4
   b - Yara's Violent Unravelling     Hexes/Transmutation          5
   c - Silence                        Hexes/Air                    5
   d - Deflect Missiles               Charms/Air                   6
   e - Discord                        Hexes                        8
   Trog disapproves of the use of such an item.
Comestibles
 a - 3 chunks of flesh
 b - 5 fruits
 c - 3 bread rations
 f - 3 meat rations
 J - 10 royal jellies


   Skills:
 + Level 11.2 Fighting
 + Level 11.1 Maces & Flails
 + Level 10.5 Armour
 + Level 9.8 Dodging


You had 10 spell levels left.
You didn't know any spells.

Dungeon Overview and Level Annotations

Branches:
Dungeon (10/15)            Temple (0/1) D:7             Orc (0/2) D:9
   Lair: D:8-11

Altars:
Ashenzari
Cheibriados
Dithmenos
Elyvilon
Gozag
Kikubaaqudgha
Okawaru
Ru
Uskayaw
Vehumet
Zin

Shops:
D:5 (   D:9 *

Annotations:
D:6 1 runed door
D:8 exclusion: obsidian statue
D:10 Snorg


Innate Abilities, Weirdness & Mutations

You reflexively headbutt those who attack you in melee.
You have a pair of horns on your head.


Message History

You spit Snorg like a pig!!! Your headbutt misses Snorg.
Snorg is heavily wounded.
Snorg bites you.
* * * LOW HITPOINT WARNING * * *
Snorg closely misses you. x2
Your plate armour prevents you from hitting Snorg.
Snorg is heavily wounded.
You barely miss Snorg.
Snorg is heavily wounded.
Snorg bites you!!
* * * LOW HITPOINT WARNING * * *
Snorg closely misses you. Snorg claws you but does no damage.
You sock Snorg! Your headbutt misses Snorg.
Snorg is heavily wounded.
Snorg bites you but does no damage. Snorg claws you but does no damage.
Snorg misses you.
You impale Snorg!! Your headbutt misses Snorg.
Snorg is severely wounded.
Snorg bites you!
You die...

#. #. .# .# #. . .. ...
#.#######.. #.
...###.......... ## #..
#..............
...#..####.............
#...............†......
#.....)####...@T......
........<.#............
.........)#...#########
.#.#......#...#######
.. #................. .
#........#.###....
..##.....##.....###
##............####
##.#.....##..#


You could see Snorg (berserk).

Vanquished Creatures
  The ghost of scalarboson the Basher, a novice OgFE (D:5)
  A hill giant (D:9)
  Pikel (D:8)
  An ugly thing (D:6)
  An efreet (D:9)
  A troll (D:9)
  2 hornets
  Grinder (D:5)
  A hippogriff (D:9)
  2 humans (D:9)
  Menkaure (D:7)
  Edmund (D:6)
  A soldier ant (D:9)
  4 sky beasts
  A slave (D:8)
  2 ice beasts (D:8)
  9 orc warriors
  A phantom (D:9)
  6 ogres
  A necrophage (D:10)
  A centaur (D:9)
  A crocodile (D:9)
  A big kobold (D:9)
  Blork the orc (D:6)
  5 bullfrogs
  5 gnoll sergeants (D:9)
  4 scorpions
  3 killer bees (D:6)
  4 wights
  5 howler monkeys
  3 crimson imps
  A bullfrog zombie (D:5)
  3 jellies
  5 orc priests
  5 hounds
  A quasit (D:4)
  3 bullfrog skeletons
  8 orc wizards
  4 centaur skeletons
  11 worker ants
  Robin (D:3)
  11 gnolls
  13 adders
  4 river rats (Sewer)
  3 shadow imps
  An ooze (Sewer)
  A worm (D:2)
  2 adder skeletons
  3 dart slugs
  6 leopard geckos
  32 orcs
  10 ball pythons (Sewer)
  8 bats
  7 giant cockroaches
  14 goblins
  8 hobgoblins
  7 jackals
  2 quokkas
  14 frilled lizards
  A jackal skeleton (D:4)
  4 kobolds
  A quokka skeleton (D:9)
  27 rats
293 creatures vanquished.

Notes
Turn   | Place    | Note
-------+----------+-------------------------------------------
     0 | D:1      | sleepydude the Minotaur Berserker began the quest for the Orb.
     0 | D:1      | Reached XP level 1. HP: 19/19 MP: 0/0
   161 | D:1      | Reached XP level 2. HP: 22/27 MP: 1/1
   978 | D:2      | Reached XP level 3. HP: 33/33 MP: 2/2
  1479 | D:3      | Reached ** piety under Trog
  1547 | D:3      | Reached XP level 4. HP: 41/41 MP: 3/3
  1548 | D:3      | Noticed Robin
  1567 | D:3      | Killed Robin
  1782 | D:3      | Noticed a bullfrog
  1790 | D:3      | Killed a bullfrog
  1790 | D:3      | Reached skill level 5 in Fighting
  1790 | D:3      | Reached skill level 5 in Maces & Flails
  1790 | D:3      | Reached XP level 5. HP: 35/48 MP: 4/4
  1907 | D:4      | Found a glowing silver altar of Zin.
  1964 | D:4      | Reached *** piety under Trog
  1964 | D:4      | Reached XP level 6. HP: 56/56 MP: 5/5
  2320 | D:5      | Entered Level 5 of the Dungeon
  2320 | D:5      | Noticed scalarboson's ghost (novice OgFE)
  2425 | D:5      | Found a glowing drain.
  2438 | Sewer    | Entered a sewer
  2677 | Sewer    | Reached **** piety under Trog
  2812 | Sewer    | Reached XP level 7. HP: 62/62 MP: 6/6
  2824 | Sewer    | Reached skill level 5 in Armour
  2946 | D:5      | Found an ancient bone altar of Kikubaaqudgha.
  2946 | D:5      | Found a snail-covered altar of Cheibriados.
  3049 | D:5      | Reached skill level 5 in Dodging
  3074 | D:5      | Reached XP level 8. HP: 55/71 MP: 7/7
  3193 | D:5      | Noticed Grinder
  3214 | D:5      | Paralysed by Grinder for 3 turns
  3219 | D:5      | Killed Grinder
  3263 | D:5      | Found Dumneitt's Antique Weapon Shop.
  3441 | D:5      | Killed scalarboson's ghost
  3506 | D:5      | Found a shadowy altar of Dithmenos.
  3507 | D:5      | Found a sacrificial altar of Ru.
  3509 | D:5      | Found a radiant altar of Vehumet.
  3926 | D:6      | Found a runed door.
  3964 | D:6      | Found a white marble altar of Elyvilon.
  3968 | D:6      | Reached XP level 9. HP: 73/81 MP: 8/8
  4264 | D:6      | Noticed a purple ugly thing
  4274 | D:6      | Killed a purple ugly thing
  4523 | D:6      | Found a runed door.
  4593 | D:6      | Noticed Blork the orc
  4603 | D:6      | Killed Blork the orc
  4761 | D:6      | Noticed Edmund
  4778 | D:6      | Killed Edmund
  4874 | D:6      | Found a faded altar of an unknown god.
  4874 | D:6      | Found a shattered altar of Ashenzari.
  4879 | D:6      | Found a faded altar of an unknown god.
  4881 | D:6      | Found a faded altar of an unknown god.
  4883 | D:6      | Found a faded altar of an unknown god.
  5145 | D:6      | Reached ***** piety under Trog
  5288 | D:7      | Found a staircase to the Ecumenical Temple.
  5446 | D:7      | Noticed Menkaure
  5454 | D:7      | Killed Menkaure
  5730 | D:7      | Found a hide-covered altar of Uskayaw.
  6021 | D:8      | Found a radiant altar of Vehumet.
  6082 | D:8      | Noticed Pikel
  6109 | D:8      | Killed Pikel
  6109 | D:8      | Reached XP level 10. HP: 87/92 MP: 9/9
  6201 | D:8      | Noticed an obsidian statue
  6387 | D:8      | Reached skill level 10 in Fighting
  6834 | D:9      | Reached skill level 10 in Maces & Flails
  6847 | D:9      | Found an iron altar of Okawaru.
  7030 | D:9      | Found Folluill's General Store.
  7132 | D:9      | Found an opulent altar of Gozag.
  7295 | D:9      | Received a gift from Trog
  7323 | D:9      | Found a staircase to the Orcish Mines.
  7339 | D:9      | Reached skill level 10 in Armour
  7659 | D:9      | Reached XP level 11. HP: 96/101 MP: 3/10
  7659 | D:9      | Paralysed by a hornet for 2 turns
  7902 | D:10     | Entered Level 10 of the Dungeon
  7902 | D:10     | Noticed a hill giant
  7959 | D:9      | Killed a hill giant
  8038 | D:10     | Noticed Snorg
  8057 | D:10     | Slain by Snorg

Skill      XL: |  1  2  3  4  5  6  7  8  9 10 11 |
---------------+----------------------------------+-----
Maces & Flails | 4 5 6 8 9 10 11 | 11.1
Fighting       | 4 5 6 8 9 10 11 | 11.2
Armour         | 3 4 5 7 8 10 | 10.5
Dodging        | 3 4 5 6 8 9 |  9.8

Action                   |  1- 3 |  4- 6 |  7- 9 | 10-12 || total
-------------------------+-------+-------+-------+-------++-------
Melee: Mace              |    86 |   176 |    26 |       ||   288
       Headbutt          |    10 |    33 |    61 |    56 ||   160
       Whip              |       |       |   271 |   182 ||   453
       Dire flail        |       |       |       |    98 ||    98
       Flail             |       |       |       |     1 ||     1
Invok: Berserk           |       |     1 |     5 |     4 ||    10
       Burn Spellbooks   |       |       |       |     1 ||     1
  Use: Scroll            |       |       |    11 |     1 ||    12
       Potion            |       |       |       |     1 ||     1
 Stab: Sleeping          |     1 |       |       |       ||     1
  Eat: Chunk             |     2 |     3 |     7 |     8 ||    20
       Fruit             |       |     2 |       |       ||     2
       Pizza             |       |     1 |       |       ||     1
       Beef jerky        |       |       |     1 |     7 ||     8
       Bread ration      |       |       |     1 |       ||     1
Armor: Animal skin       |     5 |       |       |       ||     5
       Ring mail         |     8 |       |       |       ||     8
       Scale mail        |    24 |   120 |    40 |       ||   184
       Plate armour      |       |       |    55 |   149 ||   204
       Chain mail        |       |       |     8 |       ||     8
Dodge: Dodged            |    61 |   140 |   110 |   135 ||   446
